 Dungeon Crawl Stone Soup version 0.20.1-1-g8b1a95d (webtiles) character file.

263 vineage the Slasher (level 5, -14/61 HPs)
             Began as a Demonspawn Gladiator on Sept 1, 2017.
             Demolished by an ogre
             ... wielding a +0 giant club
              (21 damage)
             ... on level 4 of the Dungeon.
             The game lasted 00:05:21 (2565 turns).

vineage the Slasher (Demonspawn Gladiator)          Turns: 2565, Time: 00:05:22

Health: -14/61     AC:  9    Str: 20    XL:     5   Next: 98%
Magic:  5/5        EV: 11    Int: 10    God:
Gold:   203        SH:  0    Dex: 14    Spells: 4/4 levels left

rFire    + . .     SeeInvis .   u - +2 trident (flame)
rCold    . . .     Gourm    .   (no shield)
rNeg     . . .     Faith    .   i - +0 scale mail
rPois    +         Spirit   .   c - +0 helmet
rElec    .         Reflect  .   h - +1 cloak
rCorr    .         Harm     .   (no gloves)
MR       .....                  (no boots)
Stlth    ..........             (no amulet)
Regen    0.2/turn               g - ring of poison resistance
MPRegen  0.1/turn               x - ring of protection from fire

@: berserking, very quick
A: powered by death 1, rot immunity
a: no special abilities


You were on level 4 of the Dungeon.
You were not hungry.

You visited 1 branch of the dungeon, and saw 4 of its levels.

You collected 203 gold pieces.

Inventory:

Hand Weapons
 a - a +0 long sword
 u - a +2 trident of flaming (weapon)
 z - a +2 whip of flaming
Missiles
 d - 3 throwing nets (quivered)
Armour
 b - a +0 leather armour
 c - a +0 helmet (worn)
 h - a +1 cloak (worn)
 i - a +0 scale mail (worn)
Jewellery
 g - a ring of poison resistance (left hand)
 w - an uncursed ring of magical power
 x - a ring of protection from fire (right hand)
Wands
 p - a wand of iceblast (11/15)
Scrolls
 e - a scroll of noise
 l - 3 scrolls of remove curse
 m - a scroll of amnesia
 n - 2 scrolls of teleportation
Potions
 o - 2 potions of curing
 r - a potion of agility {unknown}
 s - a potion of magic
 t - 2 potions of might {unknown}
 v - a potion of haste {unknown}
Comestibles
 f - 3 bread rations
 k - a meat ration


   Skills:
 + Level 3.1 Fighting
 + Level 4.3 Long Blades
 + Level 0.8 Maces & Flails
 + Level 0.1 Polearms
 + Level 2.0 Throwing
 + Level 2.1 Armour
 + Level 3.1 Dodging
 + Level 0.8 Stealth


You had 4 spell levels left.
You didn't know any spells.

Dungeon Overview and Level Annotations

Branches:
Dungeon (4/15)
 Temple: D:4-7

Altars:
Makhleb

Annotations:
D:4 Rhok's ghost, amateur MiFi


Innate Abilities, Weirdness & Mutations

You regenerate a little health from kills.
You are immune to rotting.


Message History

You puncture the howler monkey! You burn the howler monkey.
The howler monkey is almost dead.
The howler monkey hits you.
* * * LOW HITPOINT WARNING * * *
You hit the howler monkey. You burn the howler monkey.
You kill the howler monkey!
Your Armour skill increases to level 2!
You puncture the ogre! You burn the ogre.
The ogre is moderately wounded.
The ogre barely misses you.
You barely miss the ogre.
The ogre is moderately wounded.
You puncture the ogre! You burn the ogre.
The ogre is almost dead.
The ogre hits you with a giant club!
* * * LOW HITPOINT WARNING * * *
Your scale mail prevents you from hitting the ogre.
The ogre is almost dead.
The ogre hits you with a giant club!!
You die...

##.#.#
#..........,,***,,,,*,,,
#.#.#
#....>.....,,',,,,,,*,,,
#.#.#
#..........,,***,,,,,,,,
#.#[##############.***
*******,,
##'#................*
*,,,,,,,,
............########*
*,******,
.<.......)..'....#
*,*,,,,,,
............####.#
*,*,***** ............#
#@# *,*,,,,,,
............# #O#
*,*,***** ............#
#W#### *,*******
............# #....#
*,,,,,,,, ............#
#....# ********,
################....#
*,,, *,.....W......#
*,*, *,............#
*,*, *,............#
*,,,


You could see a phantom and an ogre.

Vanquished Creatures
  A howler monkey (D:4)
  Ijyb (D:4)
  An iguana (D:4)
  2 worker ants (D:4)
  3 gnolls (D:3)
  3 adders
  2 worms (D:3)
  A dart slug (D:1)
  6 orcs
  8 goblins
  3 hobgoblins
  6 jackals (D:2)
  6 kobolds
  2 quokkas
  A ball python (D:1)
  6 bats
  7 frilled lizards
  A quokka skeleton (D:4)
  10 rats
70 creatures vanquished.

Notes
Turn   | Place    | Note
-------+----------+-------------------------------------------
     0 | D:1      | vineage the Demonspawn Gladiator began the quest for the Orb.
     0 | D:1      | Reached XP level 1. HP: 16/16 MP: 1/1
   551 | D:1      | Reached skill level 3 in Long Blades
   553 | D:1      | Gained mutation: You regenerate a little health from kills. [demonic ancestry]
   553 | D:1      | Reached XP level 2. HP: 20/22 MP: 2/2
  1095 | D:2      | Gained mutation: You are immune to rotting. [demonic ancestry]
  1095 | D:2      | Reached XP level 3. HP: 27/27 MP: 3/3
  1152 | D:2      | Found a burning altar of Makhleb.
  1718 | D:3      | Reached XP level 4. HP: 32/34 MP: 4/4
  1903 | D:3      | Reached skill level 1 in Armour
  1910 | D:3      | Reached skill level 4 in Long Blades
  2167 | D:4      | Noticed Rhok's ghost (amateur MiFi)
  2199 | D:4      | Reached XP level 5. HP: 38/40 MP: 5/5
  2373 | D:4      | Noticed Ijyb
  2419 | D:4      | Killed Ijyb
  2516 | D:4      | Noticed a phantom
  2538 | D:4      | Noticed an ogre
  2565 | D:4      | Demolished by an ogre

Skill      XL: |  1  2  3  4  5 |
---------------+----------------+-----
Long Blades    | 3 4 |  4.3
Throwing       | 2 |  2.0
Dodging        | 3 |  3.1
Armour         | 1 2 |  2.1
Fighting       | 3 |  3.1
Maces & Flails | |  0.8
Polearms       | |  0.1
Stealth        | |  0.8

Action                   |  1- 3 |  4- 6 || total
-------------------------+-------+-------++-------
Melee: Long sword        |   128 |    70 ||   198
       Whip              |       |    56 ||    56
       Trident           |       |    25 ||    25
  Use: Scroll            |       |    11 ||    11
       Potion            |       |     2 ||     2
 Stab: Sleeping          |     1 |       ||     1
  Eat: Chunk             |     2 |     4 ||     6
Armor: Scale mail        |    65 |    76 ||   141
       Leather armour    |     5 |       ||     5
Dodge: Dodged            |    81 |    86 ||   167
       Rpst.: Long sword |    28 |    17 ||    45
